 Dungeon Crawl Stone Soup version 0.30-a0-266-g2b27a225a3 (webtiles) character file.

Game seed: 8904489189794439300

188 Ijustatesigmund the Shield-Bearer (level 5, 0/47 HPs)
             Began as a Gnoll Fighter on Oct 13, 2022.
             Slain by an iron imp (2 damage)
             ... summoned by Eustachio
             ... on level 4 of the Dungeon on Oct 14, 2022.
             The game lasted 00:04:04 (2078 turns).

Ijustatesigmund the Shield-Bearer (Gnoll Fighter)   Turns: 2078, Time: 00:04:04

Health: 0/47       AC: 15    Str: 16    XL:     5   Next: 67%
Magic:  7/7        EV:  5    Int: 11    God:
Gold:   123        SH:  5    Dex: 11    Spells: 7/7 levels left

rFire   . . .      SeeInvis .    a - +0 war axe
rCold   . . .      Faith    .    c - +0 buckler
rNeg    . . .      Spirit   .    b - +0 plate armour
rPois   .          Reflect  .    (no helmet)
rElec   .          Harm     .    (no cloak)
rCorr   .          Rampage  .    q - +0 pair of gloves
Will    .....                    i - +0 pair of boots
Stlth   ..........               (no amulet)
HPRegen 0.27/turn                (no ring)
MPRegen 0.10/turn                (no ring)

@: mighty, lethally poisoned (0 -> -26), hasted, very quick
A: fangs 1, strong nose, distributed training, clever 1, evolution 1
a: no special abilities


You were on level 4 of the Dungeon.
You visited 1 branch of the dungeon, and saw 4 of its levels.

You collected 153 gold pieces.
You spent 30 gold pieces at shops.

Inventory:

Hand Weapons
 a - a +0 war axe (weapon)
Armour
 b - a +0 plate armour (worn)
 c - a +0 buckler (worn)
 i - a +0 pair of boots (worn)
 q - a +0 pair of gloves (worn)
Jewellery
 p - a ring of poison resistance
Scrolls
 e - a scroll of amnesia
 k - a scroll of poison
Potions
 f - a potion of curing
 h - a potion of lignification
 j - a potion of degeneration {unknown}
 l - a potion of cancellation {unknown}
 m - a potion of mutation
 n - a potion of flight {unknown}


   Skills:
 + Level 6.7 Fighting
 + Level 1.6 Short Blades
 + Level 1.6 Long Blades
 + Level 4.8 Axes
 + Level 1.6 Maces & Flails
 + Level 1.6 Polearms
 + Level 1.6 Staves
 + Level 1.6 Ranged Weapons
 + Level 1.6 Throwing
 + Level 6.7 Armour
 + Level 1.6 Dodging
 + Level 1.6 Stealth
 + Level 6.7 Shields
 + Level 1.6 Unarmed Combat
 + Level 1.6 Spellcasting
 + Level 1.3 Conjurations
 + Level 1.3 Hexes
 + Level 1.3 Summonings
 + Level 1.3 Necromancy
 + Level 1.3 Translocations
 + Level 1.3 Transmutations
 + Level 1.3 Fire Magic
 + Level 1.3 Ice Magic
 + Level 1.3 Air Magic
 + Level 1.3 Earth Magic
 + Level 1.3 Poison Magic
 + Level 1.9 Invocations
 + Level 1.6 Evocations


You had 7 spell levels left.
You didn't know any spells.
Your spell library contained the following spells:

 Spells                   Type           Power      Damage    Failure   Level
 Magic Dart               Conj           12%        1d3       100%        1
 Call Imp                 Summ           3%         N/A       100%        2
 Cigotuvi's Dreadful Rot  Necr/Pois/Air  6%         N/A       100%        2
 Poisonous Vapours        Pois/Air       6%         N/A       100%        2
 Mephitic Cloud           Conj/Pois/Air  3%         N/A       100%        3
 Olgreb's Toxic Radiance  Pois           3%         N/A       100%        4
 Ozocubu's Refrigeration  Ice            1%         4d7       100%        7
 Ignition                 Fire           1%         3d3       100%        8


Dungeon Overview and Level Annotations

Branches:
Dungeon (4/15)
 Temple: D:4-7

Altars:
Gozag
Uskayaw

Shops:
D:3 ?

Annotations:
D:4 Eustachio


Innate Abilities, Weirdness & Mutations

You have very sharp teeth.
Your uncanny sense of smell can sniff out nearby items.
Your experience applies equally to all skills.
Your mind is acute. (Int +4, Str/Dex -1)
You have hidden genetic potential.


Message History

You closely miss something.
You feel very sick.
Eustachio casts a spell.
You hear some strange, mumbled words.
A magic dart appears from out of thin air!
The magic dart hits you but does no damage.
Something hits you but does no damage.
You are more poisoned.
Eustachio casts a spell.
Eustachio blinks!
Unknown command.
You feel yourself speed up.
You feel very sick.
The orc priest hits you but does no damage.
Something hits you but does no damage.
You are lethally poisoned!
You feel very mighty all of a sudden.
You feel very sick.
It was a potion of mutation.
You feel extremely strange.
You feel clever.
You feel a hidden potential growing inside you.
You feel very sick. The orc priest hits you with a +0 club.
* * * LOW HITPOINT WARNING * * *
Something hits you but does no damage.
You are more poisoned.
The iron imp spits at you.
The iron imp hits you but does no damage.
Okay, then.
You closely miss the orc priest. You slash something!
You hit the iron imp but do no damage.
* * * LOW HITPOINT WARNING * * *
You feel very sick. You block the orc priest's attack.
Something hits you but does no damage.
You are more poisoned.
You miss something. You barely miss the orc priest. You slash the iron imp!
* * * LOW HITPOINT WARNING * * *
You feel very sick. The iron imp hits you.
You die...

#. ##.# #. #.#.# #.
##....#
#.###.....##
#..........##
###.........##
##.))........##
##...........:.#
#...@...........
#...{5o..........
#....@5...)........
##.................
##.........>......
##.............#
##...........##
###.........##
...[.....)..##


You could see Eustachio, an iron imp (summoned), an orc priest and a crimson imp
(summoned).

Vanquished Creatures
  A howler monkey (D:4)
  Jessica (D:2)
  An orc wizard (D:4)
  2 adders (D:3)
  2 dart slugs
  4 orcs
  4 bats
  8 endoplasms
  A giant cockroach (D:2)
  5 goblins
  6 hobgoblins
  5 jackals
  4 kobolds
  5 quokkas
  11 ball pythons
  2 frilled lizards
  6 rats
68 creatures vanquished.

Notes
Turn   | Place    | Note
-------+----------+-------------------------------------------
     0 | D:1      | Ijustatesigmund the Gnoll Fighter began the quest for the
                  | Orb.
     0 | D:1      | Reached XP level 1. HP: 23/23 MP: 1/1
    74 | D:1      | Reached XP level 2. HP: 27/29 MP: 2/2
   738 | D:1      | Found a hide-covered altar of Uskayaw.
   775 | D:2      | Reached XP level 3. HP: 35/35 MP: 3/3
   888 | D:2      | Reached skill level 1 in Invocations
   981 | D:2      | Noticed Jessica
   984 | D:2      | Killed Jessica
   985 | D:2      | Reached skill level 1 in Short Blades
   985 | D:2      | Reached skill level 1 in Long Blades
   985 | D:2      | Reached skill level 1 in Maces & Flails
   985 | D:2      | Reached skill level 1 in Polearms
   985 | D:2      | Reached skill level 1 in Staves
   985 | D:2      | Reached skill level 1 in Ranged Weapons
   985 | D:2      | Reached skill level 1 in Throwing
   985 | D:2      | Reached skill level 1 in Dodging
   985 | D:2      | Reached skill level 1 in Stealth
   985 | D:2      | Reached skill level 1 in Unarmed Combat
   985 | D:2      | Reached skill level 1 in Spellcasting
   985 | D:2      | Reached skill level 1 in Evocations
   985 | D:2      | Reached XP level 4. HP: 41/41 MP: 5/5
  1112 | D:2      | Found an opulent altar of Gozag.
  1297 | D:3      | Reached skill level 1 in Conjurations
  1297 | D:3      | Reached skill level 1 in Hexes
  1297 | D:3      | Reached skill level 1 in Summonings
  1297 | D:3      | Reached skill level 1 in Necromancy
  1297 | D:3      | Reached skill level 1 in Translocations
  1297 | D:3      | Reached skill level 1 in Transmutations
  1297 | D:3      | Reached skill level 1 in Fire Magic
  1297 | D:3      | Reached skill level 1 in Ice Magic
  1297 | D:3      | Reached skill level 1 in Air Magic
  1297 | D:3      | Reached skill level 1 in Earth Magic
  1297 | D:3      | Reached skill level 1 in Poison Magic
  1375 | D:3      | Found Hipueth's Magic Scroll Boutique.
  1386 | D:3      | Upgraded the game from 0.30-a0-253-g6b895097cc to
                  | 0.30-a0-266-g2b27a225a3
  1419 | D:3      | Bought a scroll of identify for 20 gold pieces
  1419 | D:3      | Bought a scroll of noise for 10 gold pieces
  1767 | D:3      | Reached XP level 5. HP: 45/47 MP: 7/7
  2067 | D:4      | Noticed Eustachio
  2076 | D:4      | Gained mutation: Your mind is acute. (Int +4, Str/Dex -1)
                  | [potion of mutation]
  2076 | D:4      | Gained mutation: You have hidden genetic potential. [potion
                  | of mutation]
  2078 | D:4      | HP: 2/47 [poisoned by an orc wizard]
  2078 | D:4      | Slain by an iron imp

Illustrated notes

Levels and vault maps discovered:
D:1:      dpeg_arrival_water_altar, layout_basic
D:2:      layout_basic, basic_altar, minmay_misc_feat_diagonals,
          kennysheep_jessica_study
D:3:      layout_basic, serial_shops, nicolae_shop_statue_plus
D:4:      layout_basic, dk_yredelemnul_ordeal, minmay_temple_entry_stoned_glass,
          minmay_misc_feat_square, chequers_serial_rivers_small_3, uniq_duvessa,
          uniq_eustachio

Skill      XL: |  1  2  3  4 |
---------------+-------------+-----
Invocations    | 1 |  1.9
Short Blades   | 1 |  1.6
Long Blades    | 1 |  1.6
Maces & Flails | 1 |  1.6
Polearms       | 1 |  1.6
Staves         | 1 |  1.6
Ranged Weapons | 1 |  1.6
Throwing       | 1 |  1.6
Dodging        | 1 |  1.6
Stealth        | 1 |  1.6
Unarmed Combat | 1 |  1.6
Spellcasting   | 1 |  1.6
Evocations     | 1 |  1.6
Conjurations   | 1 |  1.3
Hexes          | 1 |  1.3
Summonings     | 1 |  1.3
Necromancy     | 1 |  1.3
Translocations | 1 |  1.3
Transmutations | 1 |  1.3
Fire Magic     | 1 |  1.3
Ice Magic      | 1 |  1.3
Air Magic      | 1 |  1.3
Earth Magic    | 1 |  1.3
Poison Magic   | 1 |  1.3
Fighting       | |  6.7
Axes           | |  4.8
Armour         | |  6.7
Shields        | |  6.7

Action                   |  1- 3 |  4- 6 || total
-------------------------+-------+-------++-------
Melee: War axe           |    78 |    91 ||   169
       Bite              |     4 |     4 ||     8
  Use: Scroll            |       |     8 ||     8
       Potion            |       |     3 ||     3
Armor: Scale mail        |    33 |     4 ||    37
       Plate armour      |       |    57 ||    57
Dodge: Dodged            |    37 |    15 ||    52
Block: Buckler           |    25 |    23 ||    48

Table legend: (Time is in decaauts)
 A = Elapsed time spent in this place.
 B = Non-inter-level travel time spent in this place.
 C = Inter-level travel time spent in this place.
 D = Time resting spent in this place.
 E = Time spent auto-exploring this place.
 F = Levels seen in this place.
 G = Mean time per level.
                   A        B        C        D        E       F      G
               +--------+--------+--------+--------+--------+-----+--------+
         Total |   2131 |   2062 |     69 |     73 |   1513 |   4 |  532.8 |
       Dungeon |   2131 |   2062 |     69 |     73 |   1513 |   4 |  532.8 |
               +--------+--------+--------+--------+--------+-----+--------+

Top non-repeatable levels by time:
     D:1: 790 daAuts
     D:3: 706 daAuts
     D:2: 526 daAuts
     D:4: 108 daAuts
